 Dungeon Crawl Stone Soup version 0.30-a0-920-g7493c07aab (webtiles) character file.

Game seed: 16445082313867419205

91 avis the Ruffian (level 4, -3/35 HPs)
             Began as a Demigod Transmuter on Mar 21, 2023.
             Slain by a gnoll
             ... wielding a +0 spear
              (8 damage)
             ... on level 2 of the Dungeon.
             The game lasted 00:13:17 (1797 turns).

avis the Ruffian (Demigod Transmuter)               Turns: 1797, Time: 00:13:17

Health: -3/35      AC:  4    Str: 15    XL:     4   Next: 12%
Magic:  6/9        EV:  9    Int: 15    God:
Gold:   54         SH:  0    Dex: 14    Spells: 0/7 levels left

rFire   x . .      SeeInvis .      - Unarmed
rCold   + . .      Faith    .    (no shield)
rNeg    . . .      Spirit   .    a - +0 robe
rPois   .          Reflect  .    m - +1 helmet
rElec   .          Rampage  .    (no cloak)
rCorr   .                        (no gloves)
Will    .....                    (no boots)
Stlth   +                        (no amulet)
HPRegen 0.25/turn                c - ring of ice
MPRegen 0.11/turn                (no ring)

@: constricted
A: high MP 1, forlorn, divine attributes
a: no special abilities


You were on level 2 of the Dungeon.
You visited 1 branch of the dungeon, and saw 2 of its levels.

You collected 54 gold pieces.

Inventory:

Hand Weapons
 b - a +0 sling
 j - a +0 battleaxe
 n - a +2 flail of protection
Armour
 a - a +0 robe (worn)
 m - a +1 helmet (worn)
Jewellery
 c - a ring of ice (left hand)
Wands
 l - a wand of roots (5)
Potions
 d - a potion of resistance {unknown}
 g - 2 potions of curing
 k - a potion of invisibility {unknown}


   Skills:
 - Level 1.0 Fighting
 - Level 2.0 Dodging
 - Level 4.0 Unarmed Combat
 - Level 2.0 Spellcasting
 - Level 2.0 Transmutations
 * Level 1.6 Ice Magic


You couldn't memorise any spells.
You knew the following spells:

 Your Spells              Type           Power      Damage    Failure   Level
a - Beastly Appendage     Tmut           14%        N/A       10%         1
o - Ozocubu's Armour      Ice            9%         N/A       34%         3
p - Spider Form           Tmut/Pois      4%         N/A       41%         3

Your spell library contained the following spells:

 Spells                   Type           Power      Damage    Failure   Level
 Wereblood                Tmut           7%         N/A       14%         2
 Ice Form                 Ice/Tmut       10%        N/A       71%         4
 Metabolic Englaciation   Hex/Ice        2%         N/A       99%         5
 Simulacrum               Ice/Necr       2%         N/A       100%        6


Dungeon Overview and Level Annotations

Branches:
Dungeon (2/15)


Innate Abilities, Weirdness & Mutations

You have an increased reservoir of magic. (+10% MP)
You shall have no god before yourself.
Your divine heritage dramatically boosts your attributes as you level up.


Message History

Your icy armour will break if you move.
Continue?
Your icy armour cracks and falls away as you move.
Things that are here:
a +2 flail of protection; a gnoll corpse
n - a +2 flail of protection A kobold comes into view.
It is wielding a +0 dagger.
The kobold moves out of view.
A ball python comes into view.
A gnoll comes into view. It is wielding a +0 spear.
As you read the scroll labelled RYILEQISOD, it crumbles to dust.
You hear a loud clanging noise!
It was a scroll of noise.
The ball python hisses angrily.
The kobold shouts!
The gnoll shouts!
You hear a shout! x2; You hear an angry hiss.
A gnoll comes into view. It is wielding a +0 club.
As you read the scroll labelled AJIPNI HAENUXT, it crumbles to dust.
It is a scroll of identify.
g - 2 potions of curing A quokka comes into view.
The quokka twitches its whiskers.
The ball python barely misses you. The ball python closely misses you.
The ball python attacks as you move away!
The ball python bites you.
A goblin comes into view. It is wielding a +0 club.
The gnoll hits you but does no damage.
As you read the scroll labelled SYUGHE FUTHRUY, it crumbles to dust.
The scroll dissolves into smoke.
It was a scroll of fog.
The kobold hits you but does no damage.
The gnoll hits you from afar with a +0 spear.
* * * LOW HITPOINT WARNING * * *
The ball python closely misses you. x2
As you read the scroll labelled TIWICUS QIDIRCH, it crumbles to dust.
Your body is wracked with pain!
* * * LOW HITPOINT WARNING * * *
The ball python convulses!
The gnoll convulses!
The kobold convulses!
The quokka convulses!
The gnoll convulses! x2; It was a scroll of torment.
The ball python closely misses you. The ball python grabs you.
The ball python constricts you. The kobold misses you.
The gnoll hits you from afar with a +0 spear!
You die... g...... gg.....

g...... .g.....
g...... . .........
. ###.....# ... ..
.###.# ########...g.
..
##.####..gS@§§.....
.#
#..#....§§§Kr§#....
#
.#####.##†##..gg§§.#
# ####.
........#.##.......#
. #...#
.#........##.......#
.. #....
.+.........+.......#
... #...#
.#.......g##.......#
....#....
##........##.......#
.....#..#
......†...##.......#
.....†##<


You could see 3 gnolls, a quokka, a ball python and a kobold.

Vanquished Creatures
  Robin (D:1)
  A gnoll (D:2)
  2 adders (D:2)
  4 dart slugs (D:1)
  2 endoplasms
  2 giant cockroaches (D:1)
  10 hobgoblins
  4 kobolds (D:1)
  A quokka (D:1)
  3 ball pythons
  2 bats (D:2)
  2 frilled lizards (D:2)
  9 goblins
  2 rats (D:1)
45 creatures vanquished.

Notes
Turn   | Place    | Note
-------+----------+-------------------------------------------
     0 | D:1      | avis the Demigod Transmuter began the quest for the Orb.
     0 | D:1      | Reached XP level 1. HP: 15/15 MP: 5/5
    33 | D:1      | Reached skill level 1 in Fighting
    40 | D:1      | Reached skill level 3 in Unarmed Combat
    68 | D:1      | Reached XP level 2. HP: 22/23 MP: 5/7
   894 | D:2      | Reached XP level 3. HP: 28/28 MP: 5/8
  1027 | D:2      | Noticed Robin
  1030 | D:2      | Reached skill level 4 in Unarmed Combat
  1112 | D:2      | Learned a level 3 spell: Ozocubu's Armour
  1252 | D:1      | Killed Robin
  1503 | D:1      | Reached skill level 1 in Ice Magic
  1719 | D:2      | Reached XP level 4. HP: 35/35 MP: 9/9
  1731 | D:2      | Learned a level 3 spell: Spider Form
  1797 | D:2      | Slain by a gnoll

Illustrated notes

Levels and vault maps discovered:
D:1:      dpeg_arrival_short_road, layout_basic, minmay_misc_feat_plants,
          serial_park_tiny_pond
D:2:      layout_basic, st_stairs_10, minivault_25, uniq_natasha, uniq_robin

Skill      XL: |  1  2  3 |
---------------+----------+-----
Fighting       | 1 |  1.0
Unarmed Combat | 3 4 |  4.0
Dodging        | 2 |  2.0
Spellcasting   | 2 |  2.0
Transmutations | 2 |  2.0
Ice Magic      | 1 |  1.6

Action                     |  1- 3 |  4- 6 || total
---------------------------+-------+-------++-------
  Melee: Unarmed           |    91 |    11 ||   102
         Kick              |    23 |     2 ||    25
         Headbutt          |    11 |     4 ||    15
         Punch             |     4 |       ||     4
   Fire: Sling             |    18 |       ||    18
   Cast: Beastly Appendage |    28 |     1 ||    29
         Ozocubu's Armour  |       |     1 ||     1
    Use: Potion            |     2 |       ||     2
         Scroll            |       |     4 ||     4
   Stab: Distracted        |     1 |       ||     1
 Armour: Robe              |    21 |     2 ||    23
         Skin              |     6 |       ||     6
  Dodge: Dodged            |    66 |    10 ||    76

Table legend: (Time is in decaauts)
 A = Elapsed time spent in this place.
 B = Non-inter-level travel time spent in this place.
 C = Inter-level travel time spent in this place.
 D = Time resting spent in this place.
 E = Time spent auto-exploring this place.
 F = Levels seen in this place.
 G = Mean time per level.
                   A        B        C        D        E       F      G
               +--------+--------+--------+--------+--------+-----+--------+
         Total |   1794 |   1696 |     98 |    779 |    462 |   2 |  897.0 |
       Dungeon |   1794 |   1696 |     98 |    779 |    462 |   2 |  897.0 |
               +--------+--------+--------+--------+--------+-----+--------+

Top non-repeatable levels by time:
     D:1: 1431 daAuts
     D:2: 362 daAuts
